AoeStats
← T-REXX | PATRICK

Arabia

508532279Analyzed
3v3 RM · 9d ago on Sep 22, 2026· 20m 54s· 6 players
Game mode
Random Map
Map size
Normal (6 player)
Population
200
Speed
Normal
Resources
Standard
Victory
Conquest
Starting age
Dark Age
Ending age
Imperial Age
RankedLock teamsTeams togetherTeam positionsShared explorationLock speedFull tech treeHidden civsTurbo modeCheats
Victory
Defeat
🇵🇪 Random · Peru
1437
+12
🇪🇸 Persians · Spain
1344
+16
🇲🇽 Ethiopians · Mexico
1313
+17
🇵🇪 Magyars · Peru
1394
-16
🇭🇺 Maya · Hungary
1387
-17
🇵🇪 Burmese · Peru
1270
-12
MZTK | Puppet
5:06 Loom
9:18 Feudal Age
firefighter25
4:54 Loom
10:18 Feudal Age
11:07 Double-Bit Axe
15:48 Castle Age
15:30 Horse Collar
17:27 Town Watch
20:45 Scale Barding Armor
T-REXX | PATRICK
6:46 Loom
8:50 Feudal Age
11:10 Fletching
11:50 Double-Bit Axe
16:53 Padded Archer Armor
Uporcpine
0:26 Loom
9:22 Feudal Age
11:58 Double-Bit Axe
15:51 Town Watch
17:19 Fletching
Dr. House
7:42 Loom
9:36 Feudal Age
10:58 Horse Collar
15:44 Scale Barding Armor
17:36 Forging
22:37 Castle Age
León Sin Melena
6:04 Loom
8:42 Feudal Age
9:18 Double-Bit Axe
19:12 Castle Age
18:17 Bloodlines
18:09 Horse Collar
Connection lost

Rejoining the realm…

Still unreachable

The connection could not be restored.

Session expired

The server has moved on; the page needs a fresh start.